 Seeded DCSS version 0.29-a0-231-g945431f764 (webtiles) character file.

Game seed: 684492102606385270 (custom seed)

102385 mcwallace the Fighter (level 16, -1/128 (134) HPs)
             Began as a Formicid Fighter on Mar 1, 2022.
             Was an Initiate of Gozag.
             Slain by a brown ugly thing (3 damage)
             ... on level 14 of the Dungeon.
             The game lasted 01:35:48 (39793 turns).

mcwallace the Fighter (Formicid Fighter)           Turns: 39793, Time: 01:35:48

HP:   -1/128 (134)  AC: 27    Str: 27    XL:     16   Next: 85%
MP:   25/25         EV:  8    Int:  7    God:    Gozag
Gold: 5351          SH:  6    Dex: 10    Spells: 15/15 levels left

rFire   . . .      SeeInvis +   a - +10 dark maul {vorpal}
rCold   . . .      Faith    .   c - +0 buckler
rNeg    . . .      Spirit   .   b - +2 crystal plate armour {rare=g}
rPois   +          Reflect  .   (helmet unavailable)
rElec   .          Harm     .   I - scarf {+Inv}
rCorr   .          Rampage  .   v - +2 pair of gloves
Will    +++..                   y - +1 pair of boots
Stlth   ..........              d - necklace of Bloodlust {*Rage Will++ Int-3 Slay+6}
HPRegen 0.31/turn               s - ring of magical power
MPRegen 0.19/turn               T - ring of poison resistance

@: corroded, gold aura, studying Axes, lightly drained
A: permanent stasis, dig shafts and tunnels, antennae 3, four strong arms
a: Dig, Shaft Self, Renounce Religion, Evoke Invisibility, Potion Petition, Call
Merchant, Bribe Branch


You were on level 14 of the Dungeon.
You worshipped Gozag.
Gozag was greatly pleased with you.
You visited 4 branches of the dungeon, and saw 23 of its levels.
You also visited: Ossuary and Volcano.

You collected 8922 gold pieces.
You spent 1386 gold pieces at shops.
You paid 2185 gold pieces to Gozag.


Innate Abilities, Weirdness & Mutations

You cannot be hasted, slowed, berserked, paralysed or teleported.
You can dig through walls and to a lower floor.
You have a pair of large antennae on your head. (SInv)
Your four strong arms can wield two-handed weapons with a shield.


   Skills:
 + Level 14.4 Fighting
 + Level 5.1(10.0) Axes
 + Level 13.2(13.6) Maces & Flails
 + Level 14.4 Armour
 - Level 10.4 Dodging
 + Level 9.6 Shields
 + Level 14.0 Evocations


You had 15 spell levels left.
You didn't know any spells.
Your spell library contained the following spells:

 Spells                   Type           Power      Damage    Failure   Level
 Foxfire                  Conj/Fire      0%         2x1d4     100%        1
 Summon Small Mammal      Summ           0%         N/A       100%        1
 Ensorcelled Hibernation  Hex/Ice        0%         N/A       100%        2
 Passwall                 Tmut/Erth      0%         N/A       100%        2
 Scorch                   Fire           0%         2d5       100%        2
 Call Canine Familiar     Summ           0%         N/A       100%        3
 Conjure Flame            Conj/Fire      0%         6-21      100%        3
 Dazzling Flash           Conj/Hex       0%         N/A       100%        3
 Gell's Gravitas          Tloc           0%         N/A       100%        3
 Ignite Poison            Fire/Tmut/Pois 0%         N/A       100%        3
 Inner Flame              Hex/Fire       0%         N/A       100%        3
 Lesser Beckoning         Tloc           0%         N/A       100%        3
 Mephitic Cloud           Conj/Pois/Air  0%         N/A       100%        3
 Summon Guardian Golem    Hex/Summ       0%         N/A       100%        3
 Teleport Other           Tloc           0%         N/A       100%        3
 Airstrike                Air            0%         N/A       100%        4
 Flame Wave               Conj/Fire      0%         2d4       100%        4
 Iskenderun's Mystic Bla  Conj/Tloc      0%         2d3       100%        4
 Summon Lightning Spire   Summ/Air       0%         N/A       100%        4
 Agony                    Necr           0%         N/A       100%        5
 Freezing Cloud           Conj/Ice/Air   0%         6-21      100%        5
 Lightning Bolt           Conj/Air       0%         1d11      100%        5
 Manifold Assault         Tloc           0%         N/A       100%        5
 Silence                  Hex/Air        0%         N/A       100%        5
 Dispersal                Tloc           0%         N/A       100%        6
 Starburst                Conj/Fire      0%         6d3       100%        6
 Summon Cactus Giant      Summ           0%         N/A       100%        6
 Borgnjor's Revivificati  Necr           0%         N/A       100%        8
 Necromutation            Tmut/Necr      0%         N/A       100%        8
 Death's Door             Necr           0%         N/A       100%        9
 Blink                    Tloc           Unusable   N/A       N/A         2
 Swiftness                Air            Unusable   N/A       N/A         3

Inventory:

Hand Weapons
 a - the +10 dark maul (weapon) {vorpal}
   (You took it off a two-headed ogre on level 10 of the Dungeon)

   It inflicts extra damage upon your enemies.
 A - the +6 broad axe of the Coward {spect, rElec rC- rN+++ Int-2, axe}
   (You found it on level 12 of the Dungeon)

   When its wielder attacks, the weapon's spirit leaps out and strikes again.
   The spirit shares a part of any damage it takes with its wielder.
   Int:       It affects your intelligence (-2).
   rC:        It makes you vulnerable to cold.
   rElec:     It insulates you from electricity.
   rN:        It renders you almost immune to negative energy.
Missiles
 x - 5 atropa-tipped darts {throwing}
 L - 8 javelins {throwing}
 M - 16 boomerangs of dispersal {=f!fthrowing}
 N - 39 poisoned darts {throwing}
 X - 5 boomerangs (quivered) {throwing}
Armour
 b - a +2 crystal plate armour (worn) {rare=g}
   (You acquired it on level 5 of the Lair of Beasts)
 c - a +0 buckler (worn)
 m - the +6 scale mail "Mytet" {Fly}
   (You bought it in a shop on level 2 of the Lair of Beasts)

   Fly:       It grants you flight.
 n - +2 acid dragon scales
   (You took it off Maggie on level 7 of the Dungeon)
 p - a +1 chain mail of fire resistance
   (You found it in a volcano)
 v - a +2 pair of gloves (worn)
   (You found it on level 8 of the Dungeon)
 y - a +1 pair of boots (worn)
   (You found it on level 2 of the Dungeon)
 I - a scarf of invisibility (worn)
   (You bought it in a shop on level 2 of the Lair of Beasts)
Magical Staves
 F - a staff of poison {!astaff}
   (You found it on level 8 of the Dungeon)
 S - a staff of earth {!astaff}
   (You took it off Jorgrun on level 13 of the Dungeon)
Jewellery
 d - the necklace of Bloodlust (around neck) {*Rage Will++ Int-3 Slay+6}
   (You bought it in a shop on level 2 of the Orcish Mines)

   [amulet of nothing]

   It extends the wearer's berserk rage when killing foes.
   Int:       It affects your intelligence (-3).
   Slay:      It affects your accuracy & damage with ranged weapons and melee
   (+6).
   *Rage:     It berserks you when you make melee attacks (+50% chance).
   Will:      It greatly increases your willpower.
 s - a ring of magical power (left hand)
   (You found it on level 7 of the Dungeon)
 C - a ring of ice
   (You found it on level 8 of the Dungeon)
 G - a ring of fire
   (You took it off an orc warrior on level 10 of the Dungeon)
 T - a ring of poison resistance (right hand)
   (You found it on level 4 of the Lair of Beasts)
Wands
 o - a wand of iceblast (14)
   (You found it on level 11 of the Dungeon)
 r - a wand of acid (9)
   (You found it on level 6 of the Dungeon)
 B - a wand of polymorph (5)
   (You found it on level 6 of the Lair of Beasts)
 D - a wand of digging (5)
   (You took it off Ijyb on level 3 of the Dungeon)
 E - a wand of mindburst (10)
   (You found it on level 8 of the Dungeon)
 J - a wand of paralysis (6)
   (You took it off a deep elf pyromancer on level 12 of the Dungeon)
 K - a wand of flame (19)
   (You took it off Robin on level 3 of the Dungeon)
Scrolls
 f - a scroll of magic mapping {!r}
 g - a scroll of brand weapon
 i - a scroll of summoning
 k - 3 scrolls of holy word
 l - 8 scrolls of fear
 q - 4 scrolls of vulnerability {!r!r}
 t - 4 scrolls of amnesia
 u - 7 scrolls of fog
 H - 4 scrolls of immolation {!r!r}
 O - a scroll of enchant weapon
Potions
 h - a potion of resistance
 j - 5 potions of mutation {!q}
 w - 2 potions of might
 z - 9 potions of curing {@q1}
 P - 5 potions of brilliance
 Q - 2 potions of magic
 R - 2 potions of invisibility
 U - 2 potions of heal wounds {@q2}
 V - 2 potions of attraction {!q}
 W - 3 potions of lignification {!q}
 Y - 3 potions of flight
 Z - 2 potions of ambrosia {unknown}
Miscellaneous
 e - a lightning rod (4/4)
   (You found it on level 10 of the Dungeon)

Dungeon Overview and Level Annotations

Branches:
Dungeon (14/15)            Temple (1/1) D:4            Lair (6/6) D:11
  Swamp (0/4) Lair:3        Snake (0/4) Lair:2        Slime (0/5) Lair:6
    Orc (2/2) D:11            Elf (0/3) Orc:2        Vaults (0/5) D:13
Ossuary (visited)         Volcano (visited)

Altars:
Ashenzari
Cheibriados
Elyvilon
Fedhas
Gozag
Hepliaklqana
Kikubaaqudgha
Makhleb
Nemelex Xobeh
Qazlal
Ru
Sif Muna
Trog
Uskayaw
Vehumet
Wu Jian
Yredelemnul
Zin
The Shining One
Jiyva

Shops:
D:2 *   D:13 *   Orc:2 ?[*[=?   Lair:2 [

Portals:
Ice
Cave: D:14

Annotations:
D:9 2 transporters, enile's ghost, journeyman FoAM

#.....#...∩u..
#..?...........
.....#........ $
#............
##....#.#.#..
#.C..........
#....u.......
#...#uu......
.#####$@#####+###
$
.................
$.......$........
.####.###.###...#
######.###+###
#.............
+.............
#..$.......... $
#. ##..######.).#


You could see 3 ugly things.


Message History

The four-headed hydra bites you but does no damage.
The four-headed hydra bites you. 😕 HP[-1]
You take 1 damage, and now have 121/122 hp.
You pound the four-headed hydra like an anvil!!!!
You kill the four-headed hydra!
You hear a shout!
You hear a horrible gurgling sound!
Your base Axes skill increases to level 5!
You now have 124 max hp (+2). 😕 HP[+1] 😕 HP[+1]
A cyclops comes into view.
You crush the cyclops like a grape!!!!
You kill the cyclops!
You hear a horrible gurgling sound!
You hear a shout!
You hear a horrible gurgling sound! 😕 HP[+1]
You now have 125 max hp (+1).
A cyclops comes into view.
A white ugly thing comes into view.
The white ugly thing gurgles horribly!
You hear a horrible gurgling sound! x2
A white ugly thing comes into view. 😎 HP[+1]
Your hp is fully restored (125).
Found a frozen archway.
You hear the faint crackling of a melting archway very nearby.
You hear the loud beating of a drum nearby.
A white ugly thing comes into view.
The cyclops is distracted by your dazzling golden aura.
The cyclops is no longer distracted by gold.
The white ugly thing is distracted by your dazzling golden aura.
You catch the helpless white ugly thing completely off-guard!
You hammer the white ugly thing like a gong!!!!
You kill the white ugly thing!
A white ugly thing comes into view. x2
The white ugly thing trunk-slaps you!
The white ugly thing freezes you! 😕 HP[-22]
You now have 126 max hp (+1).
You take 22 damage, and now have 103/126 hp.
The white ugly thing gurgles horribly!
You beat the cyclops like a drum!!!!
You kill the cyclops!
You hear a horrible gurgling sound!
The white ugly thing is distracted by your dazzling golden aura.
The white ugly thing closely misses you.
The white ugly thing trunk-slaps you.
The white ugly thing freezes you!! 😮 HP[-34]
You now have 127 max hp (+1).
You take 34 damage, and now have 69/127 hp.
MASSIVE DAMAGE!! (PAUSE)
You closely miss the white ugly thing.
The white ugly thing gurgles horribly!
You hear a horrible gurgling sound!
The white ugly thing is no longer distracted by gold.
The white ugly thing trunk-slaps you but does no damage.
The white ugly thing is distracted by your dazzling golden aura.
The white ugly thing trunk-slaps you but does no damage. 😮 HP[+1]
The white ugly thing gurgles horribly!
You bludgeon the white ugly thing!!
The white ugly thing trunk-slaps you but does no damage.
The white ugly thing claws you. The white ugly thing freezes you!!
* * * LOW HITPOINT WARNING * * *
The white ugly thing closely misses you.
The white ugly thing claws you but does no damage.
The white ugly thing basks in the mutagenic energy from its kin and changes! 😨 HP[-24]
You take 24 damage, and now have 46/127 hp.
You sock the brown ugly thing!
The white ugly thing is no longer distracted by gold.
The white ugly thing claws you but does no damage.
The white ugly thing is distracted by your dazzling golden aura.
The brown ugly thing tentacle-slaps you but does no damage.
The white ugly thing is distracted by your dazzling golden aura.
The white ugly thing gurgles horribly! x2
You beat the white ugly thing like a drum!!!!
You kill the white ugly thing!
You hear a horrible gurgling sound!
The brown ugly thing tentacle-slaps you.
* * * LOW HITPOINT WARNING * * *
You are splashed with acid!
* * * LOW HITPOINT WARNING * * *
The white ugly thing bites you but does no damage.
You block the brown ugly thing's attack.
The white ugly thing basks in the mutagenic energy from its kin and changes! 😨 HP[-13]
You now have 128 max hp (+1).
You take 13 damage, and now have 33/128 hp.
You barely miss the brown ugly thing.
The white ugly thing is no longer distracted by gold.
The brown ugly thing tentacle-slaps you.
* * * LOW HITPOINT WARNING * * *
You are splashed with acid!
* * * LOW HITPOINT WARNING * * *
The brown ugly thing tentacle-slaps you.
* * * LOW HITPOINT WARNING * * *
The acid corrodes you!
You are splashed with acid!
* * * LOW HITPOINT WARNING * * *
The brown ugly thing trunk-slaps you.
You die...
Your body crumbles into a pile of gold.

Skill      XL: |  1  2  3  4  5  6  7  8  9 10 11 12 13 14 15 16 |
---------------+-------------------------------------------------+-----
Evocations     | 1 2 3 4 6 7 8 10 11 12 13 14 | 14.0
Shields        | 4 5 8 9 |  9.6
Dodging        | 1 2 3 5 6 7 8 9 10 | 10.4
Fighting       | 4 5 6 7 8 9 10 11 12 13 14 | 14.4
Maces & Flails | 3 4 5 6 7 8 9 10 11 12 13 | 13.2
Armour         | 4 5 6 7 8 9 10 11 12 13 14 | 14.4
Axes           | 5 |  5.1

Action                   |  1- 3 |  4- 6 |  7- 9 | 10-12 | 13-15 | 16-18 || total
-------------------------+-------+-------+-------+-------+-------+-------++-------
Melee: Flail             |    61 |   175 |   295 |       |       |       ||   531
       Long sword        |       |       |    32 |   228 |       |       ||   260
       Dire flail        |       |       |       |   182 |       |       ||   182
       Maul              |       |       |       |    88 |   603 |   173 ||   864
Throw: Dart              |       |       |    24 |    13 |       |       ||    37
       Boomerang         |       |       |       |     4 |     1 |       ||     5
       Stone             |       |       |       |     1 |       |       ||     1
Invok: Call Merchant     |       |       |       |       |     1 |     2 ||     3
 Abil: Dig               |       |       |     1 |       |     8 |     4 ||    13
       Shaft Self        |       |       |     1 |       |       |       ||     1
       Evoke Invisibilit |       |       |       |       |       |     1 ||     1
Evoke: Wand              |       |     4 |    19 |    34 |    12 |     2 ||    71
       Lightning rod     |       |       |       |     4 |       |       ||     4
  Use: Potion            |     1 |       |       |     3 |     2 |     1 ||     7
       Scroll            |       |       |    10 |    13 |     9 |     6 ||    38
 Stab: Paralysed         |       |    17 |    14 |       |       |       ||    31
       Distracted        |       |       |     1 |     2 |    10 |     7 ||    20
       Petrified         |       |       |       |       |     2 |       ||     2
Armor: Scale mail        |    22 |   117 |    21 |       |   153 |       ||   313
       Chain mail        |       |       |   131 |       |       |       ||   131
       Acid dragon scale |       |       |    16 |   282 |       |       ||   298
       Quicksilver drago |       |       |       |    26 |   140 |       ||   166
       Ring mail         |       |       |       |       |     8 |       ||     8
       Crystal plate arm |       |       |       |       |   390 |   270 ||   660
Dodge: Dodged            |    35 |   112 |   129 |   455 |   560 |   150 ||  1441
Block: Buckler           |    11 |    50 |    71 |   155 |   254 |    92 ||   633

Levels and vault maps discovered:
D:1:      dpeg_arrival_rhombus, layout_basic, hellmonk_ecumenical_altar_run_dry
D:2:      layout_rooms, serial_shops, shop_fountains, basic_altar,
          nicolae_figureground_sparkle, uniq_jessica
D:3:      layout_basic, uniq_robin, uniq_ijyb
D:4:      layout_basic, general_overflow_altar, minmay_temple_entry_large_hall,
          serial_glass, glass_columns_a, glass_columns_b, uniq_duvessa
D:5:      layout_gridville, bloody_makhleb, enter_ossuary_5
D:6:      layout_basic
D:7:      layout_basic, mumra_transporter_accident, uniq_maggie
D:8:      layout_cave_pools, nicolae_zen_rock_garden, lemuel_old_faithful
D:9:      layout_rooms, nicolae_wu_jian_immortal_techniques,
          gammafunk_ghost_berserking_beasts, minmay_unpleasant_kobolds
D:10:     minmay_the_grid_octo_tiled_octocenter [minmay_the_grid_octo_clover,
          minmay_the_grid_octo_toaster, minmay_the_grid_octo_teeth,
          minmay_the_grid_octo_fat_diamond,
          minmay_the_grid_octo_prize_single_spiral,
          minmay_the_grid_square_5x5_comb, minmay_the_grid_square_5x5_spiral,
          minmay_the_grid_square_5x5_tie, minmay_the_grid_square_5x5_inner_i],
          layout_basic, nicolae_uskayaw_en_pointe,
          hellmonk_guarded_unrand_dark_maul
D:11:     layout_gridville, minmay_lair_entry_grove, orc_0_dummy,
          hangedman_misty_isle
D:12:     layout_loops_ring
D:13:     layout_gridville, grunt_vaults_entry_tiered, nicolae_island_escapes,
          uniq_josephine, uniq_jorgrun, uniq_lodul
D:14:     layout_gridville, portal_ice_cave_entry_ugly_swarm, serial_shops,
          shop, gauntlet_entry_generic, minmay_misc_feat_doors
Temple:   mainiacjoe_temple_coin_purse
Lair:1:   wad_woods_minihive, layout_gridlike, nicolae_volcano_entry_batcave,
          serial_bayou_lagoon_a
Lair:2:   layout_cave_pods, guppyfry_snake_entry_garden,
          grunt_forest_small_clearings, lemuel_fruit_fields, uniq_amaemon,
          uniq_harold
Lair:3:   layout_roguey, skrybe_swamp_entry_bodies, beast_lair_carwin_4,
          uniq_urug, uniq_nergalle
Lair:4:   layout_cave_shapes, disabler_island, infiniplex_staircase_pool_2,
          lemuel_fruit_fields, lemuel_fruit_fields
Lair:5:   layout_gridlike, serial_rivers, chequers_serial_rivers_small_3,
          chequers_serial_rivers_large_b, chequers_serial_rivers_room_b,
          chequers_serial_rivers_small_a, chequers_serial_rivers_micro_b,
          chequers_serial_rivers_small_a
Lair:6:   cheibrodos_lair_end_hotspot, layout_concentric_octagons,
          slime_altar_1, nicolae_lair_time_for_slime
Orc:1:    layout_diamond_mine, mines5_lemuel
Orc:2:    st_orc_rangers, layout_caves, uniq_snorg

Notes
Turn   | Place    | Note
-------+----------+-------------------------------------------
     0 | D:1      | mcwallace the Formicid Fighter began the quest for the Orb.
     0 | D:1      | Reached XP level 1. HP: 18/18 MP: 1/1
     0 | D:1      | magus.rc [v1.9.6]
   313 | D:1      | Found a faded altar of an unknown god.
   378 | D:1      | Reached XP level 2. HP: 22/24 MP: 2/2
   603 | D:2      | Noticed Jessica
   623 | D:2      | HP: 6/24 [Jessica/+2 antimagic dagger (1)]
   624 | D:2      | HP: 2/24 [Jessica/+2 antimagic dagger (4)]
   629 | D:2      | Killed Jessica
   630 | D:2      | Reached skill level 1 in Evocations
   630 | D:2      | Reached XP level 3. HP: 2/29 MP: 0/3
  1020 | D:2      | Found Usau's General Store.
  1028 | D:2      | Found a broken altar of Ashenzari.
  1063 | D:2      | Reached skill level 4 in Shields
  1202 | D:2      | Reached XP level 4. HP: 36/36 MP: 4/4
  1315 | D:2      | Reached skill level 1 in Dodging
  1595 | D:3      | Noticed Ijyb
  1606 | D:3      | Killed Ijyb
  1895 | D:3      | You pick up a book of Scorching and begin reading...
  1895 | D:3      | You add the spells Scorch, Flame Wave and Summon Cactus
                  | Giant to your library.
  1979 | D:3      | Reached XP level 5. HP: 42/42 MP: 5/5
  1986 | D:3      | Noticed Robin
  1995 | D:3      | HP: 10/42 [goblin/+2 dagger of protection[Robin] (4)]
  2439 | D:3      | Killed Robin
  2615 | D:3      | Identified the +7 mace "Hydrabane" {distort, Dex+2}
  2866 | D:4      | Reached skill level 4 in Fighting
  2866 | D:4      | Reached skill level 3 in Maces & Flails
  2866 | D:4      | Reached skill level 4 in Armour
  2866 | D:4      | Reached skill level 2 in Evocations
  2866 | D:4      | Reached XP level 6. HP: 48/48 MP: 6/6
  2868 | D:4      | Noticed Duvessa
  2887 | D:4      | Killed Duvessa
  2888 | D:4      | Reached skill level 2 in Dodging
  2900 | D:4      | Found a staircase to the Ecumenical Temple.
  2930 | Temple   | Entered the Ecumenical Temple
  3067 | Temple   | Became a worshipper of Gozag Ym Sagoz the Greedy
  3125 | D:4      | You add the spells Gell's Gravitas, Teleport Other and
                  | Dispersal to your library.
  3169 | D:4      | Found a glowing golden altar of the Shining One.
  3327 | D:4      | Noticed Dowan
  3339 | D:4      | Killed Dowan
  3342 | D:4      | HP: 12/49 [poisoned by Dowan]
  3682 | D:4      | You pick up a book of Burglary and begin reading...
  3682 | D:4      | You add the spells Passwall and Ensorcelled Hibernation to
                  | your library.
  3792 | D:5      | Entered Level 5 of the Dungeon
  3806 | D:5      | Reached XP level 7. HP: 55/55 MP: 7/7
  3827 | D:5      | HP: 11/55 [ogre/+0 giant club (15)]
  3829 | D:5      | Reached skill level 3 in Evocations
  3861 | D:5      | HP: 13/55 [hound (4)]
  3885 | D:5      | Reached skill level 4 in Maces & Flails
  4259 | D:5      | Noticed a yak
  4259 | D:5      | Noticed a yak
  4260 | D:5      | Noticed a yak
  4266 | D:5      | Noticed a yak
  4272 | D:5      | Noticed a yak
  4272 | D:5      | Noticed a yak
  4320 | D:5      | Found a sand-covered staircase.
  4325 | Ossuary  | Entered an ossuary
  4431 | Ossuary  | Reached skill level 5 in Fighting
  4465 | Ossuary  | Reached skill level 5 in Armour
  4779 | D:5      | You fall into a shaft and drop 1 floor!
  4796 | D:5      | Found a burning altar of Makhleb.
  4955 | D:5      | Killed a yak
  4956 | D:5      | Reached skill level 3 in Dodging
  4956 | D:5      | Reached XP level 8. HP: 40/62 MP: 8/8
  5177 | D:4      | HP: 13/62 [yak (6)]
  5179 | D:4      | Killed a yak
  5180 | D:4      | Reached skill level 4 in Evocations
  6941 | D:5      | Killed a yak
  6942 | D:5      | Reached skill level 6 in Fighting
  6942 | D:5      | Reached skill level 5 in Maces & Flails
  6942 | D:5      | Reached skill level 6 in Armour
  6942 | D:5      | Reached XP level 9. HP: 69/69 MP: 9/9
  7004 | D:4      | Reached skill level 4 in Dodging
  7004 | D:4      | Reached skill level 5 in Evocations
  8930 | D:6      | You pick up a book of the Senses and begin reading...
  8930 | D:6      | You add the spells Dazzling Flash, Agony and Silence to
                  | your library.
  9039 | D:6      | Identified the +0 cloak of the Skies Above {+Blink MP-9
                  | Int+9 SInv}
  9637 | D:7      | Noticed Maggie
  9650 | D:7      | Killed Maggie
  9651 | D:7      | Reached skill level 7 in Fighting
  9651 | D:7      | Reached skill level 6 in Maces & Flails
  9745 | D:7      | Reached skill level 7 in Armour
  9866 | D:7      | Reached skill level 5 in Dodging
  9866 | D:7      | Reached skill level 6 in Evocations
 10422 | D:8      | Reached XP level 10. HP: 78/79 MP: 10/10
 11209 | D:7      | HP: 19/79 [poisoned by a hornet]
 11214 | D:7      | HP: 9/80 [centaur (1)]
 11634 | D:8      | Noticed an unseen horror
 11649 | D:8      | Killed an unseen horror
 11749 | D:8      | Noticed a two-headed ogre
 11776 | D:8      | Killed a two-headed ogre
 11777 | D:8      | Reached skill level 8 in Fighting
 11777 | D:8      | Reached skill level 7 in Maces & Flails
 11777 | D:8      | Reached skill level 8 in Armour
 11777 | D:8      | Reached skill level 6 in Dodging
 11777 | D:8      | Reached skill level 7 in Evocations
 12908 | D:8      | Reached XP level 11. HP: 85/87 MP: 11/11
 13528 | D:9      | Noticed a manticore
 13534 | D:9      | Killed a manticore
 13688 | D:9      | Found a transporter.
 13690 | D:9      | Noticed a moth of wrath
 13697 | D:9      | Noticed enile's ghost (journeyman FoAM)
 13970 | D:9      | Found a transporter.
 14160 | D:9      | Found an ornate altar of the Wu Jian Council.
 14723 | D:10     | Entered Level 10 of the Dungeon
 14723 | D:10     | Noticed a +0 short sword
 14723 | D:10     | Noticed a +0 dagger
 14723 | D:10     | Noticed a +0 dagger
 14723 | D:10     | Noticed a +0 spear
 14723 | D:10     | Noticed a +0 falchion
 14723 | D:10     | Noticed a +0 falchion
 14723 | D:10     | Noticed a +0 short sword
 14723 | D:10     | Noticed a +0 spear
 14723 | D:10     | Found a hide-covered altar of Uskayaw.
 14772 | D:10     | Noticed a two-headed ogre
 14785 | D:10     | Killed a two-headed ogre
 14786 | D:10     | Reached skill level 8 in Evocations
 14942 | D:10     | Noticed a red ugly thing
 14950 | D:10     | Killed a red ugly thing
 14951 | D:10     | Reached skill level 9 in Fighting
 14951 | D:10     | Reached skill level 8 in Maces & Flails
 14951 | D:10     | Reached skill level 9 in Armour
 15028 | D:10     | Reached skill level 7 in Dodging
 15776 | D:10     | Noticed a two-headed ogre
 15786 | D:10     | Killed a two-headed ogre
 16042 | D:10     | Noticed a two-headed ogre
 16056 | D:10     | Killed a two-headed ogre
 16057 | D:10     | Reached XP level 12. HP: 96/96 MP: 12/12
 16066 | D:10     | magus.rc [v1.9.6]
 16163 | D:10     | Noticed a centaur warrior
 16174 | D:10     | Killed a centaur warrior
 16177 | D:10     | You pick up a book of Callings and begin reading...
 16177 | D:10     | You add the spells Summon Small Mammal, Call Canine
                  | Familiar and Summon Guardian Golem to your library.
 16179 | D:10     | You pick up a book of Scorching and begin reading...
 16364 | D:10     | Found the +13 scythe of Curses {drain, Drain}
 16442 | D:10     | Reached skill level 9 in Evocations
 16720 | D:10     | a two-headed ogre comes into view. It is wielding the +10
                  | dark maul {vorpal} and a +0 giant club.
 16720 | D:10     | Noticed a two-headed ogre
 16721 | D:10     | Aim: a two-headed ogre, wielding the +10 dark maul {vorpal}
                  | and a +0 giant club (wandering, hasn't noticed you, chance
                  | to affect: 77%)
 16721 | D:10     | Aim: a two-headed ogre, wielding the +10 dark maul {vorpal}
                  | and a +0 giant club (wandering, hasn't noticed you, chance
                  | to affect: 77%)
 16721 | D:10     | Aim: a two-headed ogre, wielding the +10 dark maul {vorpal}
                  | and a +0 giant club (wandering, hasn't noticed you, chance
                  | to affect: 77%)
 16722 | D:10     | Aim: a two-headed ogre, wielding the +10 dark maul {vorpal}
                  | and a +0 giant club (heavily wounded, chance to affect:
                  | 77%)
 16722 | D:10     | Aim: a two-headed ogre, wielding the +10 dark maul {vorpal}
                  | and a +0 giant club (heavily wounded, chance to affect:
                  | 77%)
 16722 | D:10     | Aim: a two-headed ogre, wielding the +10 dark maul {vorpal}
                  | and a +0 giant club (heavily wounded, chance to affect:
                  | 77%)
 16722 | D:10     | Aim: a two-headed ogre, wielding the +10 dark maul {vorpal}
                  | and a +0 giant club (heavily wounded, chance to affect:
                  | 77%)
 16723 | D:10     | Aim: a two-headed ogre, wielding the +10 dark maul {vorpal}
                  | and a +0 giant club (almost dead, chance to affect: 77%)
 16723 | D:10     | Aim: a two-headed ogre, wielding the +10 dark maul {vorpal}
                  | and a +0 giant club (almost dead, chance to affect: 77%)
 16723 | D:10     | Aim: a two-headed ogre, wielding the +10 dark maul {vorpal}
                  | and a +0 giant club (almost dead, chance to affect: 77%)
 16724 | D:10     | Aim: a two-headed ogre, wielding the +10 dark maul {vorpal}
                  | and a +0 giant club (almost dead, chance to affect: 77%)
 16724 | D:10     | Aim: a two-headed ogre, wielding the +10 dark maul {vorpal}
                  | and a +0 giant club (almost dead, chance to affect: 77%)
 16724 | D:10     | Aim: a two-headed ogre, wielding the +10 dark maul {vorpal}
                  | and a +0 giant club (almost dead, chance to affect: 77%)
 16724 | D:10     | Identified the +1 robe of Gehenna {Will- Int+4 Dex+5}
 16725 | D:10     | Aim: a two-headed ogre, wielding the +10 dark maul {vorpal}
                  | and a +0 giant club (almost dead, chance to affect: 77%)
 16725 | D:10     | Aim: a two-headed ogre, wielding the +10 dark maul {vorpal}
                  | and a +0 giant club (almost dead, chance to affect: 77%)
 16725 | D:10     | Aim: a two-headed ogre, wielding the +10 dark maul {vorpal}
                  | and a +0 giant club (almost dead, chance to affect: 77%)
 16725 | D:10     | Killed a two-headed ogre
 17730 | D:10     | Reached skill level 10 in Armour
 17820 | D:11     | Reached skill level 10 in Fighting
 17824 | D:11     | Reached skill level 9 in Maces & Flails
 17887 | D:11     | HP: 24/97 [poisoned by a water moccasin]
 17905 | D:10     | HP: 16/97 [yak (13)]
 17905 | D:10     | HP: 5/97 [wyvern (11)]
 18135 | D:10     | Reached skill level 8 in Dodging
 18382 | D:11     | Noticed a boulder beetle
 18392 | D:11     | Killed a boulder beetle
 18596 | D:11     | Found a staircase to the Lair.
 18694 | D:11     | Noticed a centaur warrior
 18700 | D:11     | Killed a centaur warrior
 19046 | D:11     | Found a staircase to the Orcish Mines.
 19558 | D:11     | You pick up a book of Spectacle and begin reading...
 19558 | D:11     | You add the spells Iskenderun's Mystic Blast and Starburst
                  | to your library.
 19662 | D:11     | Could not pick up quicksilver dragon scales {rare} here;
                  | ([A]lways) ignore it?
 19666 | D:11     | f - quicksilver dragon scales {rare}
 19677 | D:11     | You finish putting on your quicksilver dragon scales
                  | {rare}.
 19706 | Lair:1   | Entered Level 1 of the Lair of Beasts
 19737 | Lair:1   | Reached skill level 10 in Evocations
 19805 | Lair:1   | Reached XP level 13. HP: 59/104 MP: 13/13
 19880 | Lair:1   | You add the spells Borgnjor's Revivification, Necromutation
                  | and Death's Door to your library.
 19901 | Lair:1   | Found a dark tunnel.
 19918 | Volcano  | Entered a volcano
 20354 | Volcano  | Reached skill level 11 in Fighting
 20354 | Volcano  | Reached skill level 11 in Armour
 20366 | Volcano  | Reached skill level 10 in Maces & Flails
 20433 | Volcano  | Noticed an orb of fire
 20452 | Volcano  | You finish taking off your quicksilver dragon scales
                  | {rare}.
 20476 | Volcano  | Noticed an orb of fire
 20491 | Volcano  | Reached skill level 9 in Dodging
 20717 | Volcano  | You finish putting on your quicksilver dragon scales
                  | {rare}.
 22245 | Lair:1   | You pick up a book of Spatial Translocations and begin
                  | reading...
 22245 | Lair:1   | You add the spells Lesser Beckoning and Manifold Assault to
                  | your library.
 22336 | Lair:2   | Noticed Harold
 22339 | Lair:2   | Killed Harold
 22433 | Lair:2   | Reached skill level 11 in Evocations
 22533 | Lair:2   | Noticed a four-headed hydra
 22543 | Lair:2   | Killed a four-headed hydra
 22812 | Lair:2   | Noticed Amaemon
 22875 | Lair:2   | Killed Amaemon
 22985 | Lair:2   | Found a staircase to the Snake Pit.
 23263 | Lair:2   | Reached XP level 14. HP: 114/114 MP: 14/14
 24117 | Lair:2   | Bought an embroidered scarf for 272 gold pieces
 24117 | Lair:2   | Bought a bloodstained scale mail for 306 gold pieces
 24117 | Lair:2   | Identified the +6 scale mail "Mytet" {Fly} (You bought it
                  | in a shop on level 2 of the Lair of Beasts)
 24138 | Lair:2   | You finish taking off your quicksilver dragon scales
                  | {rare}.
 24386 | Lair:3   | Noticed Nergalle
 24429 | Lair:3   | Noticed Urug
 24433 | Lair:3   | Killed Urug
 24448 | Lair:3   | Killed Nergalle
 24449 | Lair:3   | Reached skill level 12 in Fighting
 24449 | Lair:3   | Reached skill level 12 in Armour
 24582 | Lair:3   | Found a staircase to the Swamp.
 24633 | Lair:3   | Reached skill level 11 in Maces & Flails
 25631 | Lair:4   | Reached skill level 10 in Dodging
 26938 | Lair:4   | Reached skill level 12 in Evocations
 27315 | Lair:4   | HP: 27/116 [cane toad (8)]
 28373 | Lair:5   | Reached skill level 5 in Shields
 28924 | Lair:5   | Identified a scroll of acquirement
 28925 | Lair:5   | Acquired a +2 crystal plate armour
 28926 | Lair:5   | b - a +2 crystal plate armour {rare=g}
 28937 | Lair:5   | You finish putting on your +2 crystal plate armour
                  | {rare=g}.
 29129 | Lair:6   | Entered Level 6 of the Lair of Beasts
 29452 | Lair:6   | Reached XP level 15. HP: 122/122 MP: 15/15
 29732 | Lair:6   | Found a staircase to the Slime Pits.
 29733 | Lair:6   | Found a viscous altar of Jiyva.
 29945 | Lair:6   | Reached skill level 13 in Fighting
 30013 | Lair:6   | Found a large runed translucent door.
 30033 | Lair:6   | Reached skill level 6 in Shields
 30042 | Lair:6   | Reached skill level 13 in Armour
 30092 | Lair:6   | HP: 26/123 [steam dragon/ball of steam (8)]
 30625 | Lair:6   | Reached skill level 12 in Maces & Flails
 30955 | Lair:6   | Reached skill level 7 in Shields
 31193 | Lair:6   | Reached skill level 13 in Evocations
 31412 | Lair:6   | Noticed a quicksilver ooze
 31427 | Lair:6   | Killed a quicksilver ooze
 31847 | Lair:6   | Found a large runed translucent door.
 32341 | Lair:6   | You pick up a book of Flames and begin reading...
 32341 | Lair:6   | You add the spells Foxfire, Conjure Flame and Inner Flame
                  | to your library.
 32485 | Lair:6   | You pick up a book of Storms and begin reading...
 32485 | Lair:6   | You add the spells Airstrike, Summon Lightning Spire and
                  | Lightning Bolt to your library.
 32791 | Lair:6   | You add the spells Ignite Poison, Mephitic Cloud and
                  | Freezing Cloud to your library.
 32806 | Lair:6   | magus.rc [v1.9.6]
 33030 | Orc:1    | Entered Level 1 of the Orcish Mines
 33090 | Orc:1    | HP: 22/119 [sun demon[an orc sorcerer] (19)]
 33653 | Orc:2    | Entered Level 2 of the Orcish Mines
 34582 | Orc:2    | Noticed Snorg
 34591 | Orc:2    | Killed Snorg
 34606 | Orc:2    | Reached skill level 8 in Shields
 34836 | Orc:2    | Reached XP level 16. HP: 75/128 MP: 16/16
 35288 | Orc:2    | Found Ogriol's Assorted Antiques.
 35288 | Orc:2    | Found Raoshik's Antique Armour Shoppe.
 35290 | Orc:2    | Found Puroh's Magic Scroll Emporium.
 35292 | Orc:2    | Found Zutwiog's Antique Armour Shop.
 35307 | Orc:2    | Bought a scroll of identify for 20 gold pieces
 35307 | Orc:2    | Bought a scroll of identify for 20 gold pieces
 35307 | Orc:2    | Bought a scroll of identify for 20 gold pieces
 35307 | Orc:2    | magus.rc [v1.9.6]
 36005 | Orc:2    | Found a staircase to the Elven Halls.
 36444 | Orc:2    | Bought a scroll of identify for 24 gold pieces
 36444 | Orc:2    | Bought a scroll of identify for 24 gold pieces
 36444 | Orc:2    | Bought a scroll of identify for 24 gold pieces
 36454 | Orc:2    | Bought the necklace of Bloodlust {*Rage Will++ Int-3
                  | Slay+6} for 516 gold pieces
 36454 | Orc:2    | Found the necklace of Bloodlust {*Rage Will++ Int-3 Slay+6}
 36795 | D:12     | Identified the +6 broad axe of the Coward {spect, rElec rC-
                  | rN+++ Int-2}
 36984 | D:12     | Reached skill level 14 in Fighting
 36984 | D:12     | Reached skill level 1 in Axes
 37509 | D:12     | magus.rc [v1.9.6]
 37929 | D:2      | magus.rc [v1.9.6]
 38161 | D:13     | Found Opicaano's Island Escapes.
 38172 | D:13     | Reached skill level 14 in Armour
 38186 | D:13     | Reached skill level 2 in Axes
 38415 | D:13     | Reached skill level 9 in Shields
 38427 | D:13     | Found a gate to the Vaults.
 38430 | D:13     | Reached skill level 3 in Axes
 38808 | D:13     | Reached skill level 13 in Maces & Flails
 38814 | D:13     | Noticed Josephine
 38822 | D:13     | Killed Josephine
 38883 | D:13     | Noticed Lodul
 38891 | D:13     | Reached skill level 4 in Axes
 38893 | D:13     | Killed Lodul
 39333 | D:13     | Noticed Jorgrun
 39339 | D:13     | Killed Jorgrun
 39514 | D:13     | You drop quicksilver dragon scales {rare}.
 39717 | D:13     | Bought a wand of digging (4) for 160 gold pieces
 39752 | D:14     | Reached skill level 14 in Evocations
 39774 | D:14     | Reached skill level 5 in Axes
 39783 | D:14     | Found a frozen archway.
 39793 | D:14     | HP: 28/128 [brown ugly thing (6)]
 39793 | D:14     | HP: 2/128 [acid (12)]
 39793 | D:14     | Slain by a brown ugly thing

Vanquished Creatures
  Jorgrun (D:13)
  A quicksilver ooze (Lair:6)
  Snorg (Orc:2)
  A fire dragon (Lair:6)
  Josephine (D:13)
  5 hydras
  A vault guard (D:13)
  Harold (Lair:2)
  2 boulder beetles
  4 centaur warriors
  A catoblepas (Lair:5)
  17 two-headed ogres
  A tengu warrior (D:12)
  4 death yaks (Lair:6)
  An orc high priest (Orc:2)
  Urug (Lair:3)
  Nergalle (Lair:3)
  A hell knight (Volcano)
  2 fire crabs (Lair:6)
  2 salamander mystics (Volcano)
  Amaemon (Lair:2)
  A bog body (Lair:3)
  Lodul (D:13)
  A wizard (D:13)
  A lindwurm (Lair:6)
  4 orc knights (Orc:2)
  A deep elf pyromancer (D:12)
  An orc sorcerer (Orc:1)
  2 necromancers (D:13)
  5 cyclopes
  2 salamanders (Volcano)
  3 ugly things
  10 elephants
  A manticore (D:9)
  10 black mambas
  5 molten gargoyles
  An orange demon (Lair:2)
  A torpor snail (Lair:6)
  4 gargoyles
  Maggie (D:7)
  16 cane toads
  A kobold demonologist (D:10)
  An unseen horror (D:8)
  2 rime drakes
  9 trolls
  13 komodo dragons
  A polar bear (Lair:6)
  3 hornets
  21 blink frogs
  3 slime creatures (Lair:6)
  10 dream sheep (Lair:5)
  A jumping spider (shapeshifter) (D:10)
  5 shadows
  5 wraiths
  10 wyverns
  55 yaks
  5 fire bats
  12 basilisks
  21 humans (D:13)
  8 steam dragons
  8 vampire mosquitoes
  6 wargs
  3 nagas (Lair:2)
  2 acid dragons (D:10)
  24 water moccasins
  Duvessa (D:4)
  4 hell hounds (Lair:6)
  A black bear (D:6)
  4 sky beasts
  An ice beast (D:7)
  41 orc warriors
  8 ogres
  12 wolves
  17 centaurs
  6 kobold brigands
  10 bullfrogs
  A necrophage (D:4)
  8 wights
  Dowan (D:4)
  48 killer bees
  3 electric eels (Lair:4)
  4 howler monkeys
  5 lava snakes (Lair:6)
  4 hounds
  10 orc priests
  4 jellies (Lair:6)
  Jessica (D:2)
  Ijyb (D:3)
  An iguana (D:6)
  21 orc wizards
  A centaur simulacrum (D:10)
  8 mummies (Ossuary)
  Robin (D:3)
  5 adders
  A white imp (D:5)
  A worm (D:2)
  A dart slug (D:5)
  67 orcs
  2 endoplasms
  4 giant cockroaches
  2 gnoll zombies (Ossuary)
  9 goblins
  4 hobgoblins
  16 kobolds
  2 quokkas
  9 ball pythons
  3 frilled lizards
  A hobgoblin zombie (Ossuary)
  3 kobold zombies (Ossuary)
  2 orc zombies (Ossuary)
  4 rats
713 creatures vanquished.

Vanquished Creatures (others)
  A centaur (D:12)
  A bush (Lair:6)
  36 fungi
  60 plants
98 creatures vanquished.

Grand Total: 811 creatures vanquished

Table legend:
 A = Non-vault XP
 B = Vault XP
 C = Vault XP percentage of total XP
 D = Non-vault monster count
 E = Vault monster count
 F = Vault count percentage of total count
                 A         B        C        D         E       F
            +---------+---------+-------+---------+---------+-------
      Total |   83531 |   62734 |  42.9 |     436 |     277 |  38.8
            +---------+---------+-------+---------+---------+-------
        D:1 |      11 |       0 |   0.0 |       8 |       0 |   0.0
        D:2 |      39 |      46 |  54.1 |      17 |       6 |  26.1
        D:3 |      30 |      57 |  65.5 |      10 |       5 |  33.3
        D:4 |     928 |     208 |  18.3 |      12 |       2 |  14.3
        D:5 |    1184 |       0 |   0.0 |      18 |       0 |   0.0
        D:6 |     422 |       0 |   0.0 |      13 |       0 |   0.0
        D:7 |    2248 |     389 |  14.8 |      17 |       1 |   5.6
        D:8 |    2046 |       0 |   0.0 |      12 |       0 |   0.0
        D:9 |    1539 |     204 |  11.7 |      25 |       6 |  19.4
       D:10 |    1526 |    8912 |  85.4 |      12 |      37 |  75.5
       D:11 |    3803 |    1764 |  31.7 |      22 |      11 |  33.3
       D:12 |    5817 |       0 |   0.0 |      16 |       0 |   0.0
       D:13 |    6175 |   16138 |  72.3 |      12 |      39 |  76.5
       D:14 |    2974 |    1149 |  27.9 |       5 |       2 |  28.6
     Lair:1 |    3210 |    2590 |  44.7 |      11 |      35 |  76.1
     Lair:2 |    6411 |    3222 |  33.4 |      24 |      10 |  29.4
     Lair:3 |    5379 |    2737 |  33.7 |      22 |       5 |  18.5
     Lair:4 |    8089 |     370 |   4.4 |      30 |       4 |  11.8
     Lair:5 |    6439 |       0 |   0.0 |      23 |       0 |   0.0
     Lair:6 |   18747 |   10440 |  35.8 |      56 |      37 |  39.8
      Orc:1 |    2634 |    1247 |  32.1 |      36 |      10 |  21.7
      Orc:2 |    3880 |    6964 |  64.2 |      35 |      40 |  53.3
    Ossuary |       0 |     154 | 100.0 |       0 |      16 | 100.0
    Volcano |       0 |    6143 | 100.0 |       0 |      11 | 100.0
            +---------+---------+-------+---------+---------+-------

Illustrated notes

Table legend:
 A = Kills in this place as a percentage of kills in entire the game.
 B = Kills by you in this place as a percentage of kills by you in the entire game.
 C = Kills by friends in this place as a percentage of kills by friends in the entire game.
 D = Other kills in this place as a percentage of other kills in the entire game.
 E = Experience gained in this place as a percentage of experience gained in the entire game.
 F = Experience gained in this place divided by the number of levels of this place that you have seen.
                   A       B       C       D       E      F
               +-------+-------+-------+-------+-------+----------------------
         Total | 100.0 | 100.0 |   N/A |   N/A | 100.0 | 5850.6
       Dungeon |  43.2 |  43.2 |   N/A |   N/A |  39.4 | 4114.9
          Lair |  36.0 |  36.0 |   N/A |   N/A |  46.2 | 11272.3
  Orcish Mines |  17.0 |  17.0 |   N/A |   N/A |  10.1 | 7362.5
       Ossuary |   2.2 |   2.2 |   N/A |   N/A |   0.1 | 154.0
       Volcano |   1.5 |   1.5 |   N/A |   N/A |   4.2 | 6143.0
               +-------+-------+-------+-------+-------+----------------------

Table legend: (Time is in decaauts)
 A = Elapsed time spent in this place.
 B = Non-inter-level travel time spent in this place.
 C = Inter-level travel time spent in this place.
 D = Time resting spent in this place.
 E = Time spent auto-exploring this place.
 F = Levels seen in this place.
 G = Mean time per level.
                   A        B        C        D        E       F      G
               +--------+--------+--------+--------+--------+-----+--------+
         Total |  41367 |  39567 |   1800 |  10082 |  20710 |  25 | 1654.7 |
       Dungeon |  22946 |  21472 |   1474 |   5557 |  11414 |  14 | 1639.0 |
        Temple |    147 |    133 |     14 |      0 |    120 |   1 |  147.0 |
          Lair |  13213 |  12987 |    226 |   2411 |   8197 |   6 | 2202.2 |
  Orcish Mines |   3759 |   3674 |     85 |   1577 |    774 |   2 | 1879.5 |
       Ossuary |    459 |    459 |      0 |    129 |    136 |   1 |  459.0 |
       Volcano |    841 |    841 |      0 |    408 |     68 |   1 |  841.0 |
               +--------+--------+--------+--------+--------+-----+--------+

Top non-repeatable levels by time:
  Lair:6: 3714 daAuts
    D:10: 3433 daAuts
   Orc:2: 2910 daAuts
     D:5: 2603 daAuts
     D:7: 2553 daAuts
  Lair:4: 2192 daAuts
  Lair:1: 2112 daAuts
     D:8: 2014 daAuts
  Lair:5: 1897 daAuts
  Lair:2: 1845 daAuts
    D:11: 1793 daAuts
    D:13: 1683 daAuts
     D:6: 1670 daAuts
     D:4: 1637 daAuts
  Lair:3: 1452 daAuts
